 Dungeon Crawl Stone Soup version 0.21-a0-525-ga34b322b0b (webtiles) character file.

958 GordonOverkill the Skirmisher (level 7, -3/55 HPs)
             Began as a Mummy Artificer on Dec 7, 2017.
             Slain by an orc warrior
             ... wielding a +0 short sword
              (12 damage)
             ... on level 5 of the Dungeon.
             The game lasted 00:08:19 (5132 turns).

GordonOverkill the Skirmisher (Mummy Artificer)     Turns: 5132, Time: 00:08:20

Health: -3/55      AC:  8    Str: 17    XL:     7   Next: 91%
Magic:  0/10       EV:  5    Int: 10    God:
Gold:   177        SH: 13    Dex: 13    Spells: 6/6 levels left

rFire    x . .     SeeInvis .   p - +1 morningstar
rCold    + . .     Gourm    .   l - +0 large shield
rNeg     + + +     Faith    .   a - +0 scale mail
rPois    ∞         Spirit   +   (no helmet)
rElec    .         Reflect  .   (no cloak)
rCorr    .         Harm     .   k - +1 pair of gloves
MR       .....                  (no boots)
Stlth    ..........             f - amulet of guardian spirit
HPRegen  0.18/turn              (no ring)
MPRegen  0.12/turn              (no ring)

@: no status effects
A: no food or potions, fire vulnerability, cold resistance 1, negative energy
resistance 3, torment resistance, unbreathing
a: no special abilities


You were on level 5 of the Dungeon.
You were not hungry.

You visited 1 branch of the dungeon, and saw 5 of its levels.

You collected 177 gold pieces.

Inventory:

Hand Weapons
 j - a +0 spear
 p - a +1 morningstar (weapon)
Armour
 a - a +0 scale mail (worn)
 k - a +1 pair of gloves (worn)
 l - a +0 large shield (worn)
Jewellery
 f - an amulet of guardian spirit (around neck)
 o - a cursed ring of loudness {unknown}
Wands
 c - a wand of flame (7)
 d - a wand of enslavement (20)
Scrolls
 b - 3 scrolls of remove curse
 g - 6 scrolls of identify
 h - a scroll of amnesia
Books
 e - a book of Changes

   Spells                             Type                      Level
   a - Beastly Appendage              Transmutation                1
   b - Sticks to Snakes               Transmutation                2
   c - Spider Form                    Transmutation/Poison         3
   d - Ice Form                       Ice/Transmutation            4
   e - Blade Hands                    Transmutation                5
 i - a book of Debilitation

   Spells                             Type                      Level
   a - Corona                         Hexes                        1
   b - Slow                           Hexes                        2
   c - Inner Flame                    Hexes/Fire                   3
   d - Portal Projectile              Hexes/Translocation          3
   e - Cause Fear                     Hexes                        4
   f - Leda's Liquefaction            Hexes/Earth                  4
 m - a book of Cantrips

   Spells                             Type                      Level
   a - Confusing Touch                Hexes                        1
   b - Animate Skeleton               Necromancy                   1
   c - Summon Small Mammal            Summoning                    1
   d - Apportation                    Translocation                1
 n - a book of Misfortune

   Spells                             Type                      Level
   a - Confusing Touch                Hexes                        1
   b - Confuse                        Hexes                        3
   c - Gell's Gravitas                Translocation                3
   d - Petrify                        Transmutation/Earth          4
   e - Metabolic Englaciation         Hexes/Ice                    5
   f - Yara's Violent Unravelling     Hexes/Transmutation          5


   Skills:
 + Level 4.7 Fighting
   Level 0.7 Short Blades
 + Level 3.2 Maces & Flails
 - Level 0.3 Polearms
 - Level 1.5 Dodging
 - Level 0.7 Stealth
 + Level 3.3 Shields
 + Level 4.6 Evocations


You had 6 spell levels left.
You didn't know any spells.

Dungeon Overview and Level Annotations

Branches:
Dungeon (5/15)             Temple (0/1) D:4

Altars:
Sif Muna

Shops:
D:5 %

Annotations:
D:4 piz0's ghost, novice MiGl


Innate Abilities, Weirdness & Mutations

You do not eat or drink.
Your flesh is vulnerable to fire.
You are immune to poison.
Your flesh is cold resistant. (rC+)
You are immune to negative energy. (rN+++)
You are immune to unholy pain and torment.
You can survive without breathing.


Message History

The orc warrior is heavily wounded.
The orc warrior hits you but does no damage.
The orc warrior hits you with a short sword!
Your shield prevents you from hitting the orc warrior.
The orc warrior is heavily wounded.
The orc warrior hits you with a short sword!
You thump the orc warrior!
The orc warrior is almost dead.
The orc warrior hits you with a short sword!
* * * LOW HITPOINT WARNING * * *
The orc wizard mumbles some strange words.
The orc wizard seems to speed up.
The orc warrior hits you but does no damage.
Your shield and scale mail prevent you from hitting the orc warrior.
The orc warrior is almost dead.
You block the orc warrior's attack.
You hit the orc warrior but do no damage.
The orc warrior is almost dead.
The orc warrior hits you with a short sword!
You die... ####..# #.###oo.....# #.....# #># #o8...8.# #.###.# #.# #.ooooo.# ..###.#####.# ##ooooo## .........##.# #8ooo8#

.#.......##.#
##.oo##
.##......##.# ##(##
.........##.######o#
.#........#....÷@oo#
...............#####
##.#####.......#
##.#####.......#
##.##....#|....#
##....#####.####
...#### ###.## #..#
##....# #..# #..##.#


You could see an orc warrior and 2 orc wizards.

Vanquished Creatures
  The ghost of piz0 the Skirmisher, an amateur GrMo (D:3)
  An orc warrior (D:5)
  A sky beast (D:5)
  2 ogres (D:5)
  An ice beast (D:5)
  A big kobold (D:4)
  A howler monkey (D:4)
  A hound (D:5)
  A jelly (D:5)
  An iguana (D:5)
  A worker ant (D:3)
  2 hound skeletons (D:5)
  7 adders
  2 oozes
  An adder skeleton (D:5)
  5 worms
  3 leopard geckos
  9 orcs
  4 bats
  2 giant cockroaches (D:3)
  6 goblins
  3 hobgoblins (D:1)
  2 jackals (D:4)
  2 quokkas
  A ball python (D:3)
  3 frilled lizards
  9 kobolds
  5 rats
78 creatures vanquished.

Vanquished Creatures (collateral kills)
  A frilled lizard (D:5)
1 creature vanquished.

Vanquished Creatures (others)
  An adder (D:4)
  A gnoll (D:4)
2 creatures vanquished.

Grand Total: 81 creatures vanquished

Notes
Turn   | Place    | Note
-------+----------+-------------------------------------------
     0 | D:1      | GordonOverkill the Mummy Artificer began the quest for the Orb.
     0 | D:1      | Reached XP level 1. HP: 15/15 MP: 2/2
   164 | D:1      | Reached XP level 2. HP: 15/21 MP: 4/4
  1452 | D:2      | Reached XP level 3. HP: 17/27 MP: 5/5
  2174 | D:2      | Found a deep blue altar of Sif Muna.
  2341 | D:3      | Reached XP level 4. HP: 32/34 MP: 4/6
  2374 | D:3      | Noticed piz0's ghost (amateur GrMo)
  2383 | D:3      | Killed piz0's ghost
  2383 | D:3      | Reached skill level 1 in Maces & Flails
  2383 | D:3      | Reached skill level 1 in Shields
  2383 | D:3      | Reached XP level 5. HP: 34/41 MP: 4/7
  3284 | D:4      | Reached XP level 6. HP: 41/47 MP: 8/8
  3378 | D:4      | Found a staircase to the Ecumenical Temple.
  3398 | D:4      | Noticed piz0's ghost (novice MiGl)
  3987 | D:5      | Entered Level 5 of the Dungeon
  4531 | D:5      | Noticed a sky beast
  4548 | D:5      | Killed a sky beast
  4548 | D:5      | Reached XP level 7. HP: 40/54 MP: 6/10
  4661 | D:5      | Found Poepn's Food Emporium.
  4780 | D:5      | Found a runed door.
  5132 | D:5      | Slain by an orc warrior

Vault maps used:
D:1:      minmay_arrival_four_loops
D:2:      led_sif_pool, grunt_ministairs_15, kennysheep_potato
D:4:      marbit_many_paths, minmay_temple_entry_statues_fountains,
          serial_shops, shop
D:5:      first_bread, serial_shops, shop, lightli_church_of_beogh

Skill      XL: |  1  2  3  4  5  6  7 |
---------------+----------------------+-----
Fighting       | 2 3 4 |  4.7
Evocations     | 3 4 |  4.6
Maces & Flails | 1 2 3 |  3.2
Shields        | 1 2 3 |  3.3
Short Blades   | |  0.7
Polearms       | |  0.3
Dodging        | |  1.5
Stealth        | |  0.7

Action                   |  1- 3 |  4- 6 |  7- 9 || total
-------------------------+-------+-------+-------++-------
Melee: Short sword       |    61 |       |       ||    61
       Spear             |    51 |       |       ||    51
       Morningstar       |     7 |   155 |    84 ||   246
Evoke: Wand              |    14 |    13 |     1 ||    28
  Use: Scroll            |     6 |     1 |     1 ||     8
 Stab: Sleeping          |     1 |       |       ||     1
       Paralysed         |     3 |       |       ||     3
Armor: Leather armour    |    26 |     2 |       ||    28
       Scale mail        |       |    82 |    29 ||   111
Dodge: Dodged            |    59 |    64 |    13 ||   136
Block: Buckler           |     3 |    19 |       ||    22
       Large shield      |       |    62 |    65 ||   127

Table legend:
 A = Spawn XP
 B = Non-spawn XP
 C = Spawn XP percentage of total XP
 D = Spawn monster count
 E = Non-spawn monster count
 F = Spawn count percentage of total count
 G = Total turns spent on level
                    A         B        C        D         E        F      G
               +---------+---------+-------+---------+---------+-------+---------
         Total |       0 |    1369 |   0.0 |       0 |      80 |   0.0 |  5132
               +---------+---------+-------+---------+---------+-------+---------
           D:1 |       0 |      26 |   0.0 |       0 |      16 |   0.0 |   946
           D:2 |       0 |      38 |   0.0 |       0 |      13 |   0.0 |  1357
           D:3 |       0 |     248 |   0.0 |       0 |      17 |   0.0 |  1197
           D:4 |       0 |     223 |   0.0 |       0 |      14 |   0.0 |   487
           D:5 |       0 |     834 |   0.0 |       0 |      20 |   0.0 |  1145
               +---------+---------+-------+---------+---------+-------+---------
